 Dungeon Crawl Stone Soup version 0.28.0-1-gb440e238dd (webtiles) character file.

Game seed: 1670334762559673658

18819 Peloso the Carver (level 12, 0/106 HPs)
             Began as a Minotaur Fighter on Feb 19, 2022.
             Was a High Priest of Okawaru.
             Killed from afar by a wretched star (16 damage)
             ... with a lance of force
             ... on level 2 of the Abyss.
             The game lasted 00:38:38 (16961 turns).

Peloso the Carver (Minotaur Fighter)               Turns: 16961, Time: 00:38:38

Health: 0/106      AC: 26    Str: 26      XL:     12   Next: 31%
Magic:  13/13      EV: 14    Int:  5      God:    Okawaru [*****.]
Gold:   830        SH: 11    Dex:  8 (9)  Spells: 11/11 levels left

rFire   + . .      SeeInvis .   a - +0 long sword
rCold   x . .      Faith    .   c - +0 buckler
rNeg    . . .      Spirit   .   B - +8 chain mail of Jigsaw {Str+3}
rPois   .          Reflect  +   (helmet restricted)
rElec   .          Harm     .   k - +0 cloak
rCorr   .          Rampage  .   w - +2 pair of gloves
Will    .....                   G - +0 pair of boots
Stlth   ..........              D - amulet of reflection
HPRegen 0.27/turn               n - ring of fire
MPRegen 0.13/turn               N - +4 ring of evasion

@: about to teleport
A: horns 2, retaliatory headbutt, [clumsy 2]
a: Renounce Religion, Heroism, Finesse, Duel


You were on level 2 of the Abyss.
You worshipped Okawaru.
Okawaru was extremely pleased with you.
You visited 3 branches of the dungeon, and saw 14 of its levels.
You visited the Abyss 1 time.
You also visited: Bailey and Gauntlet.

You collected 886 gold pieces.
You spent 56 gold pieces at shops.

Inventory:

Hand Weapons
 a - a +0 long sword (weapon)
Missiles
 p - 4 throwing nets (quivered)
Armour
 b - the +0 scale mail "Raseul" {*Slow Str+7}
   (You found it on level 5 of the Dungeon)

   Str:       It affects your strength (+7).
   *Slow:     It may slow you when you take damage.
 c - a +0 buckler (worn)
 k - a +0 cloak (worn)
 w - a +2 pair of gloves (worn)
 B - the +8 chain mail of Jigsaw (worn) {Str+3}
   (Okawaru gifted it to you on level 1 of the Lair of Beasts)

   Str:       It affects your strength (+3).
 G - a +0 pair of boots (worn)
 L - a +2 plate armour of cold resistance
Jewellery
 n - a ring of fire (left hand)
 D - an amulet of reflection (around neck)
 F - a ring of wizardry
 H - an amulet of regeneration
 N - a +4 ring of evasion (right hand)
 R - a ring of resist corrosion
Wands
 o - a wand of polymorph (9)
 t - a wand of charming (10)
 x - a wand of iceblast (6)
 y - a wand of digging (4)
 z - a wand of mindburst (14)
 I - a wand of flame (11)
 M - a wand of acid (10)
Scrolls
 e - 3 scrolls of enchant armour
 g - a scroll of acquirement
 h - 4 scrolls of teleportation
 i - a scroll of enchant weapon
 j - 2 scrolls of amnesia
 q - a scroll of identify
 r - 4 scrolls of fear
 s - 2 scrolls of immolation
 A - 3 scrolls of blinking
 E - 2 scrolls of holy word
 J - a scroll of magic mapping
 P - a scroll of noise {unknown}
Potions
 d - 4 potions of might
 f - 5 potions of haste
 l - a potion of heal wounds
 m - 4 potions of flight
 u - 3 potions of brilliance
 v - 2 potions of curing
 C - a potion of magic
 K - 3 potions of resistance
 O - 2 potions of cancellation
 Q - a potion of berserk rage {unknown}


   Skills:
 + Level 10.2 Fighting
 + Level 13.9 Long Blades
 + Level 11.5 Armour
 + Level 6.7 Dodging
 + Level 2.5 Stealth
 + Level 10.4 Shields
 + Level 3.2 Invocations
 + Level 3.5 Evocations


You had 11 spell levels left.
You didn't know any spells.
Your spell library contained the following spells:

 Spells                   Type           Power      Damage    Failure   Level
 Apportation              Tloc           0%         N/A       96%         1
 Magic Dart               Conj           0%         1d3       96%         1
 Slow                     Hex            0%         N/A       96%         1
 Corpse Rot               Necr/Air       0%         N/A       99%         2
 Poisonous Vapours        Pois/Air       0%         N/A       99%         2
 Confusing Touch          Hex            0%         N/A       100%        3
 Dazzling Flash           Conj/Hex       0%         N/A       100%        3
 Mephitic Cloud           Conj/Pois/Air  0%         N/A       100%        3
 Vampiric Draining        Necr           0%         2d6       100%        3
 Iskenderun's Mystic Bla  Conj/Tloc      0%         2d3       100%        4
 Agony                    Necr           0%         N/A       100%        5
 Silence                  Hex/Air        0%         N/A       100%        5
 Starburst                Conj/Fire      0%         6d3       100%        6
 Animate Skeleton         Necr           Unusable   N/A       N/A         1
 Summon Small Mammal      Summ           Unusable   N/A       N/A         1
 Call Imp                 Summ           Unusable   N/A       N/A         2

Dungeon Overview and Level Annotations

Branches:
Dungeon (11/15)            Temple (1/1) D:7            Lair (2/6) D:8
    Orc (0/2) D:9          Bailey (visited)         Gauntlet (visited)
  Swamp: Lair:2-4    Shoals: Lair:2-4     Snake: Lair:2-4    Spider: Lair:2-4

Altars:
Ashenzari
Cheibriados
Dithmenos
Elyvilon
Gozag
Hepliaklqana
Kikubaaqudgha
Okawaru
Qazlal
Sif Muna
Trog
Uskayaw
Vehumet
Wu Jian
Xom
Zin
The Shining One

Shops:
D:5 [   D:6 =?

Annotations:
Gauntlet 7 transporters, exclusion: 2 lightning spires


Innate Abilities, Weirdness & Mutations

You have a pair of horns on your head.
You reflexively headbutt those who attack you in melee.
[You are very clumsy. (Dex -4)]


Message History

Unknown command.
You miss the raiju.
The raiju is moderately wounded.
The raiju barely misses you.
Unknown command.
You hit the raiju but do no damage.
The raiju is moderately wounded.
The wretched star pulses with an eldritch light!
You feel clumsy. x2
The raiju closely misses you.
Unknown command.
You slash the raiju! Your headbutt misses the raiju.
The raiju is heavily wounded.
Unknown command.
You slash the raiju! Your headbutt misses the raiju.
The raiju is severely wounded.
The raiju bursts into living lightning!
The living lightning misses you.
The raiju blinks!
Unknown command.
You slash the raiju!
You kill the raiju!
That felt strangely unrewarding.
Unknown command.
You block the small abomination's attack.
The wretched star glows turbulently.
The lance of force hits you.
* * * LOW HITPOINT WARNING * * *
You are knocked back by the lance of force.
You slam into the stone wall!
You see here a raiju corpse.
You barely miss the small abomination.
Your headbutt misses the small abomination.
The small abomination is moderately damaged.
The small abomination hits you but does no damage.
Unknown command.
You slash the small abomination!
The small abomination is heavily damaged.
The wretched star glows turbulently.
The lance of force hits you!
You die...

.# # . # # .###
...# .. #. ...
##.## #.#
....##.#
#.###...###...
.
#.##.#.....#...
..#..#.
............ #
...#†#.....#. #
# .
.#..###.*.## .#
#.## ##@## # .
# # ##.#xh# §##
.####h... . § .
. #.h # .#.##*
...# .... # # .
#. # # # # ##
.. . ## .


You could see a wretched star, 2 raiju and a small abomination.

Vanquished Creatures
  Harold (Lair:1)
  A hydra (Lair:2)
  3 two-headed ogres
  2 orc knights (Bailey)
  A deep elf pyromancer (D:10)
  An orc sorcerer (Bailey)
  A worldbinder (Abyss:2)
  A cyclops (D:11)
  A centaur zombie (D:11)
  3 elephants (Gauntlet)
  A black mamba (Lair:1)
  A torpor snail (Gauntlet)
  3 cane toads (Lair:1)
  2 smoke demons (Abyss:2)
  2 unseen horrors (D:11)
  3 kobold demonologists
  A komodo dragon (Lair:1)
  3 hellwings (Abyss:2)
  3 trolls
  4 hornets
  Prince Ribbit (D:6)
  2 large abominations (Abyss:2)
  A raiju (Abyss:2)
  An air elemental (D:10)
  A water elemental (D:10)
  A shadow (D:11)
  2 fire bats (Lair:1)
  A fire elemental (D:10)
  A wyvern (Lair:1)
  A basilisk (Lair:1)
  A ynoxinul (Abyss:2)
  6 yaks (D:10)
  A steam dragon (D:10)
  A chaos spawn (Abyss:2)
  2 wargs (D:9)
  4 water moccasins
  3 hell hounds (Abyss:2)
  A sky beast (D:8)
  2 black bears
  8 orc warriors
  2 ogres
  A necrophage (D:6)
  3 wolves (D:8)
  5 centaurs
  2 kobold brigands (D:5)
  4 small abominations (Abyss:2)
  2 scorpions
  3 bullfrogs
  An earth elemental (D:10)
  A wyvern zombie (D:5)
  14 killer bees
  13 electric eels
  2 howler monkeys
  A bullfrog zombie (D:6)
  A lava snake (Lair:1)
  2 quasits (Abyss:2)
  8 hounds
  6 orc priests
  A centaur skeleton (D:5)
  2 iguanas
  5 orc wizards
  A killer bee zombie (D:9)
  A hound skeleton (D:4)
  A mummy (D:8)
  A howler monkey skeleton (D:7)
  5 adders
  12 gnolls
  A shadow imp (Gauntlet)
  2 white imps
  An ufetubus (D:4)
  An adder skeleton (D:5)
  2 worms (D:2)
  A dart slug (D:1)
  29 orcs
  4 bats
  9 endoplasms
  3 giant cockroaches
  17 hobgoblins
  5 quokkas
  8 ball pythons
  3 frilled lizards
  13 goblins
  2 hobgoblin zombies (D:8)
  18 kobolds
  2 kobold zombies (D:8)
  5 rats
  A spectral goblin (D:1)
306 creatures vanquished.

Vanquished Creatures (others)
  A wizard (Gauntlet)
  A shadow imp (Gauntlet)
  A fungus (Lair:1)
  5 plants (D:8)
8 creatures vanquished.

Grand Total: 314 creatures vanquished

Notes
Turn   | Place    | Note
-------+----------+-------------------------------------------
     0 | D:1      | Peloso the Minotaur Fighter began the quest for the Orb.
     0 | D:1      | Reached XP level 1. HP: 19/19 MP: 0/0
   238 | D:1      | Found a faded altar of an unknown god.
   274 | D:1      | Reached XP level 2. HP: 27/27 MP: 1/1
   547 | D:1      | Reached skill level 3 in Long Blades
   978 | D:2      | Reached XP level 3. HP: 31/33 MP: 2/2
  1569 | D:2      | Found a glowing silver altar of Zin.
  1713 | D:2      | You fall into a shaft and drop 2 floors!
  1726 | D:4      | Reached XP level 4. HP: 38/41 MP: 3/3
  1813 | D:4      | Reached skill level 4 in Long Blades
  1850 | D:4      | Noticed an ogre
  1862 | D:4      | Noticed a black bear
  1888 | D:3      | Reached XP level 5. HP: 26/47 MP: 4/4
  1893 | D:3      | Killed a black bear
  1894 | D:3      | Reached skill level 5 in Long Blades
  1896 | D:3      | HP: 1/47 [adder (3)]
  3499 | D:4      | Reached XP level 6. HP: 55/55 MP: 5/5
  3503 | D:4      | Reached skill level 5 in Armour
  3634 | D:4      | Reached skill level 6 in Long Blades
  3849 | D:4      | Reached skill level 5 in Fighting
  4071 | D:5      | Entered Level 5 of the Dungeon
  4132 | D:5      | Reached XP level 7. HP: 61/61 MP: 6/6
  4202 | D:5      | Found Roiz's Armour Boutique.
  4436 | D:5      | Identified the +0 scale mail "Raseul" {*Slow Str+7}
  4512 | D:5      | Reached skill level 1 in Dodging
  5313 | D:6      | Reached skill level 7 in Long Blades
  5472 | D:6      | Found Tiqyin's Jewellery Emporium.
  5498 | D:6      | Reached XP level 8. HP: 64/69 MP: 7/7
  5503 | D:6      | Reached skill level 5 in Shields
  5634 | D:6      | Reached skill level 8 in Long Blades
  6006 | D:6      | Found Xoimol's Magic Scroll Emporium.
  6067 | D:6      | Bought a scroll of identify for 28 gold pieces
  6067 | D:6      | Bought a scroll of identify for 28 gold pieces
  6468 | D:7      | Noticed Prince Ribbit
  6717 | D:6      | Killed Prince Ribbit
  6718 | D:6      | Reached skill level 9 in Long Blades
  6718 | D:6      | Reached skill level 1 in Stealth
  6891 | D:7      | Found a staircase to the Ecumenical Temple.
  6919 | Temple   | Entered the Ecumenical Temple
  6926 | Temple   | Became a worshipper of Warmaster Okawaru
  7640 | D:8      | Reached XP level 9. HP: 68/78 MP: 8/8
  7915 | D:8      | Found a staircase to the Lair.
  7963 | D:8      | Reached * piety under Okawaru
  7964 | D:8      | Reached skill level 10 in Long Blades
  8033 | D:8      | Reached skill level 1 in Evocations
  8226 | D:8      | Noticed a troll
  8267 | D:8      | Killed a troll
  8671 | D:8      | Noticed a two-headed ogre
  8677 | D:8      | Killed a two-headed ogre
  8677 | D:8      | Reached ** piety under Okawaru
  8699 | D:8      | Reached skill level 11 in Long Blades
  8699 | D:8      | Reached XP level 10. HP: 82/86 MP: 9/9
  8988 | D:9      | Noticed a two-headed ogre
  9002 | D:9      | Killed a two-headed ogre
  9002 | D:9      | Reached *** piety under Okawaru
  9261 | D:9      | Noticed a rust devil
  9264 | D:9      | Reached skill level 1 in Invocations
  9683 | D:9      | Found a staircase to the Orcish Mines.
  9805 | D:9      | Found a shimmering altar of Xom.
  9949 | D:10     | Entered Level 10 of the Dungeon
  9980 | D:10     | Reached skill level 5 in Dodging
 10085 | D:10     | Reached **** piety under Okawaru
 10134 | D:10     | Found a flagged portal.
 10335 | Bailey   | Entered a bailey
 10813 | Bailey   | Reached skill level 12 in Long Blades
 10840 | Bailey   | Noticed an orc knight
 10852 | Bailey   | Killed an orc knight
 10853 | Bailey   | Reached skill level 10 in Armour
 10864 | Bailey   | Noticed an orc knight
 11263 | Bailey   | Found an iron altar of Okawaru.
 11265 | Bailey   | Noticed an orc sorcerer
 11310 | Bailey   | Reached XP level 11. HP: 95/95 MP: 8/11
 11340 | Bailey   | Killed an orc sorcerer
 11486 | Bailey   | Noticed an orc knight
 11933 | Bailey   | Killed an orc knight
 11933 | Bailey   | Received a gift from Okawaru
 12163 | Bailey   | Identified the +0 leather armour of Light {rPois rN++
                  | Slay+4}
 12522 | D:10     | Noticed a deep elf pyromancer
 12537 | D:10     | Killed a deep elf pyromancer
 13105 | D:10     | Found a large runed translucent door.
 13105 | D:10     | Found a large runed translucent door.
 13321 | D:10     | Paralysed by an air elemental for 1 turns
 13323 | D:10     | Paralysed by an air elemental for 1 turns
 13920 | D:11     | Reached skill level 13 in Long Blades
 14145 | D:11     | Noticed a two-headed ogre
 14156 | D:11     | Killed a two-headed ogre
 14193 | D:11     | Reached ***** piety under Okawaru
 14196 | D:11     | Identified the +0 hand axe of Wounding {chaos, rF+ MP+9
                  | Str-2 Int+3}
 14690 | Lair:1   | Entered Level 1 of the Lair of Beasts
 14834 | Lair:1   | Identified the +8 chain mail of Jigsaw {Str+3} (Okawaru
                  | gifted it to you on level 1 of the Lair of Beasts)
 14834 | Lair:1   | Received a gift from Okawaru
 15166 | Lair:1   | Noticed Harold
 15179 | Lair:1   | Killed Harold
 15578 | Lair:1   | Reached XP level 12. HP: 106/106 MP: 13/13
 16023 | Lair:2   | Noticed a four-headed hydra
 16039 | Lair:2   | Killed a four-headed hydra
 16040 | Lair:2   | Reached skill level 10 in Fighting
 16057 | Lair:2   | Found a gate leading to a gauntlet.
 16070 | Gauntlet | Entered a Gauntlet
 16070 | Gauntlet | Found a transporter.
 16070 | Gauntlet | Found a transporter.
 16070 | Gauntlet | Found a transporter.
 16071 | Gauntlet | Found a transporter.
 16074 | Gauntlet | Found a transporter.
 16075 | Gauntlet | Found a transporter.
 16084 | Gauntlet | Found a transporter.
 16088 | Gauntlet | Found a transporter.
 16098 | Gauntlet | Found a transporter.
 16098 | Gauntlet | Found a transporter.
 16099 | Gauntlet | Found a transporter.
 16101 | Gauntlet | Found a transporter.
 16351 | Gauntlet | Reached skill level 10 in Shields
 16499 | Gauntlet | Cast into level 2 of the Abyss (a wizard)
 16625 | Abyss:2  | Found a corrupted altar of Lugonu.
 16895 | Abyss:2  | HP: 2/106 [acid[a worldbinder] (7)]
 16961 | Abyss:2  | Killed from afar by a wretched star

Illustrated notes

Levels and vault maps discovered:
D:1:      lemuel_arrival_river_bridge, layout_basic,
          dreamdust_ecumenical_altar_drowned_temple
D:2:      layout_loops_corners, basic_altar
D:3:      layout_basic
D:4:      layout_basic
D:5:      layout_loops_corners, serial_shops, shop, st_stairs_8,
          chequers_decorated_corner
D:6:      layout_basic, serial_shops, nicolae_shop_trees, shop
D:7:      layout_rooms, minmay_temple_entry_butterflies,
          kennysheep_cross_bottleneck, uniq_prince_ribbit1
D:8:      layout_basic, erik_lair_island, serial_curves, eino_curves_01,
          eino_curves_02, eino_curves_01, serial_bayou_ford_a,
          minmay_mini_ossuary
D:9:      layout_cave_pools, mainiacjoe_overflow_brackets, david_orc_1_choice,
          lightli_orcish_oven
D:10:     layout_long_grid, enter_bailey_2, chequers_serial_rivers_large_a,
          lightli_elemental_guards
D:11:     layout_rooms, minmay_starry_boxes
Temple:   compressed_dpeg_triangle_lava_temple
Lair:1:   layout_gridlike, uniq_harold
Lair:2:   layout_chaotic_city, gauntlet_entry_generic, pond
Abyss:2:  base: D:2, base: D:6, minivault_22
Gauntlet: gammafunk_gauntlet_hard_choice [gammafunk_gauntlet_arena_teeth,
          gammafunk_gauntlet_arena_spirals, nicolae_gauntlet_arena_x,
          gammafunk_gauntlet_arena_chambers, nicolae_gauntlet_arena_t_cross,
          gammafunk_gauntlet_arena_crates,
          nicolae_gauntlet_exit_dead_adventurers]

Skill      XL: |  1  2  3  4  5  6  7  8  9 10 11 12 |
---------------+-------------------------------------+-----
Fighting       | 4 5 6 7 8 9 10 | 10.2
Shields        | 4 5 6 7 9 10 | 10.4
Long Blades    | 3 4 5 6 7 9 11 12 13 | 13.9
Armour         | 4 5 6 8 9 10 11 | 11.5
Dodging        | 1 3 4 5 6 |  6.7
Stealth        | 1 2 |  2.5
Evocations     | 2 3 |  3.5
Invocations    | 2 3 |  3.2

Action                   |  1- 3 |  4- 6 |  7- 9 | 10-12 || total
-------------------------+-------+-------+-------+-------++-------
Melee: Long sword        |    98 |   105 |   228 |   621 ||  1052
       Headbutt          |    10 |    17 |    35 |   131 ||   193
Invok: Heroism           |       |       |     2 |    34 ||    36
Evoke: Wand              |       |       |    22 |    20 ||    42
  Use: Potion            |       |     1 |       |     6 ||     7
       Scroll            |       |     4 |     5 |    15 ||    24
Armor: Scale mail        |    33 |       |   106 |   159 ||   298
       Chain mail        |    28 |    87 |     6 |    71 ||   192
Dodge: Dodged            |    40 |    44 |   127 |   293 ||   504
Block: Buckler           |    26 |    27 |    68 |   341 ||   462
       Reflection        |       |       |       |     8 ||     8
